TOP OF THE 1ST |
Miami Whales batting - Pitching for Pompano Beach Stingrays : RHP Mark Jarrett
|
Pitching: RHP Mark Jarrett
|
|
Batting: SHB Ramon Alcantara
|
0-0: Ground out 2-3 (Groundball, 15S, EV 70.0 MPH)
|
Batting: SHB Philip Rossi
|
0-0: Called Strike 0-1: Foul Ball, location: 2F 0-2: Ground out 4-3 (Groundball, 34D, EV 100.6 MPH)
|
Batting: LHB Lee Pruitt
|
0-0: Called Strike 0-1: DOUBLE (Flyball, 8RXD, EV 111.9 MPH)
|
Batting: RHB Donald Morris
|
0-0: Ground out 6-3 (Groundball, 6S, EV 57.5 MPH)
|
Top of the 1st over - 0 runs, 1 hit, 0 errors, 1 left on base; Miami 0 - Pompano Beach 0 |
BOTTOM OF THE 1ST |
Pompano Beach Stingrays batting - Pitching for Miami Whales : RHP Oscar Silva
|
Pitching: RHP Oscar Silva
|
|
Batting: RHB Lance Junker
|
0-0: Ball 1-0: Ground out 1-3 (Groundball, 34S, EV 84.4 MPH)
|
Batting: RHB Dave Penniall
|
0-0: Fly out, F8 (Flyball, 8LD, EV 101.9 MPH)
|
Batting: SHB Gene Roof
|
0-0: Fly out, F7 (Flyball, 7, EV 96.9 MPH)
|
Bottom of the 1st over - 0 runs, 0 hits, 0 errors, 0 left on base; Miami 0 - Pompano Beach 0 |
TOP OF THE 2ND |
Miami Whales batting - Pitching for Pompano Beach Stingrays : RHP Mark Jarrett
|
Batting: RHB Tom Grant
|
0-0: Ball 1-0: Foul Ball, location: 2F 1-1: Ball 2-1: Called Strike 2-2: Foul Ball, location: 2F 2-2: Ball 3-2: Base on Balls
|
Batting: LHB Brad Garnett
|
0-0: Ball 1-0: Ball 2-0: Called Strike 2-1: Called Strike 2-2: Fielders Choice at 2nd, 3-6 (Groundball, 3, EV 89.4 MPH)
|
Batting: RHB Edwin Agudelo
|
0-0: Ball 1-0: Swinging Strike 1-1: Ball 2-1: Fielders Choice at 2nd, 6-4 (Groundball, 6, EV 86.3 MPH)
|
Batting: RHB Alejandro Luna
|
0-0: Ball Edwin Agudelo steals 2nd base 1-0: Foul Ball, location: 2F 1-1: Foul Ball, location: 2F 1-2: SINGLE (Line Drive, 8RS, EV 100.0 MPH) Edwin Agudelo to third Runner from 3rd tries for Home, SAFE, throw by CF to home
|
Batting: RHB Jonathan Cordova
|
0-0: Ball Alejandro Luna steals 2nd, throwing error, E2 Alejandro Luna to third 1-0: Ground out 3-1 (Groundball, 34, EV 86.3 MPH)
|
Top of the 2nd over - 1 run, 1 hit, 1 error, 1 left on base; Miami 1 - Pompano Beach 0 |
BOTTOM OF THE 2ND |
Pompano Beach Stingrays batting - Pitching for Miami Whales : RHP Oscar Silva
|
Batting: RHB Mark Strucher
|
0-0: Swinging Strike 0-1: Foul Ball, location: 2F 0-2: Strikes out swinging
|
Batting: SHB Maury Ornest
|
0-0: Called Strike 0-1: Foul Ball, location: 2F 0-2: Ball 1-2: Foul Ball, location: 2F 1-2: Fly out, F7 (Flyball, 7LM, EV 86.9 MPH)
|
Batting: RHB Jimmy Thomas
|
0-0: SINGLE (Line Drive, 4D, EV 96.3 MPH)
|
Batting: SHB Juan Molina
|
0-0: Ball 1-0: Ball 2-0: Fly out, F7 (Flyball, 7D, EV 101.3 MPH)
|
Bottom of the 2nd over - 0 runs, 1 hit, 0 errors, 1 left on base; Miami 1 - Pompano Beach 0 |
TOP OF THE 3RD |
Miami Whales batting - Pitching for Pompano Beach Stingrays : RHP Mark Jarrett
|
Batting: SHB Ramon Alcantara
|
0-0: Ball 1-0: Ball 2-0: Ground out 6-3 (Groundball, 6, EV 87.5 MPH)
|
Batting: SHB Philip Rossi
|
0-0: Called Strike 0-1: Ball 1-1: Ball 2-1: Ground out 4-3 (Groundball, 4, EV 103.8 MPH)
|
Batting: LHB Lee Pruitt
|
0-0: Called Strike 0-1: Ball 1-1: Swinging Strike 1-2: Ball 2-2: Ball 3-2: SINGLE (Flyball, 8RS, EV 95.6 MPH)
|
Batting: RHB Donald Morris
|
0-0: Foul Ball, location: 2F 0-1: Called Strike 0-2: Strikes out swinging
|
Top of the 3rd over - 0 runs, 1 hit, 0 errors, 1 left on base; Miami 1 - Pompano Beach 0 |
BOTTOM OF THE 3RD |
Pompano Beach Stingrays batting - Pitching for Miami Whales : RHP Oscar Silva
|
Batting: RHB William Waag
|
0-0: SINGLE (Line Drive, 7S, EV 93.1 MPH)
|
Batting: LHB Steve Phillips
|
0-0: Called Strike 0-1: Ball 1-1: Foul Ball, location: 2F 1-2: Strikes out looking
|
Batting: RHB Lance Junker
|
0-0: Called Strike 0-1: Ball Pickoff Throw to First - Error! E1 William Waag to second 1-1: Ball William Waag steals 3rd base 2-1: Ball 3-1: Swinging Strike 3-2: SINGLE (Line Drive, 8LS, EV 107.5 MPH) William Waag scores
|
Batting: RHB Dave Penniall
|
0-0: Ball Lance Junker steals 2nd base 1-0: Foul Ball, location: 2F 1-1: Swinging Strike 1-2: Ball 2-2: Strikes out swinging
|
Batting: SHB Gene Roof
|
0-0: Swinging Strike 0-1: Foul Ball, location: 2F 0-2: Ball 1-2: SINGLE (Groundball, 4M, EV 115.6 MPH) (infield hit) Lance Junker to third
|
Batting: RHB Mark Strucher
|
0-0: Fly out, F7 (Flyball, 78D, EV 91.9 MPH)
|
Bottom of the 3rd over - 1 run, 3 hits, 1 error, 2 left on base; Miami 1 - Pompano Beach 1 |
TOP OF THE 4TH |
Miami Whales batting - Pitching for Pompano Beach Stingrays : RHP Mark Jarrett
|
Batting: RHB Tom Grant
|
0-0: Ball 1-0: Ball 2-0: Ball 3-0: Swinging Strike 3-1: Foul Ball, location: 2F 3-2: Foul Ball, location: 2F 3-2: Strikes out swinging
|
Batting: LHB Brad Garnett
|
0-0: Called Strike 0-1: Ball 1-1: Swinging Strike 1-2: SOLO HOME RUN (Flyball, 89XD, EV 90.6 MPH), Distance : 439 ft
|
Batting: RHB Edwin Agudelo
|
0-0: Called Strike 0-1: SINGLE (Line Drive, 89S, EV 98.1 MPH)
|
Batting: RHB Alejandro Luna
|
0-0: Ball 1-0: Called Strike Edwin Agudelo is caught stealing 2nd base 2-4 1-1: Foul Ball, location: 2F 1-2: Foul Ball, location: 2F 1-2: Ball 2-2: Ball 3-2: Fly out, F8 (Line Drive, 8RD, EV 102.5 MPH)
|
Top of the 4th over - 1 run, 2 hits, 0 errors, 0 left on base; Miami 2 - Pompano Beach 1 |
BOTTOM OF THE 4TH |
Pompano Beach Stingrays batting - Pitching for Miami Whales : RHP Oscar Silva
|
Batting: SHB Maury Ornest
|
0-0: Ball 1-0: Ball 2-0: Ball 3-0: Base on Balls
|
Batting: RHB Jimmy Thomas
|
0-0: Ball 1-0: Called Strike Maury Ornest is caught stealing 2nd base 2-4 1-1: Ball 2-1: Ball 3-1: Foul Ball, location: 2F 3-2: Strikes out looking
|
Batting: SHB Juan Molina
|
0-0: Ball 1-0: Fly out, F7 (Flyball, 7D, EV 91.9 MPH)
|
Bottom of the 4th over - 0 runs, 0 hits, 0 errors, 0 left on base; Miami 2 - Pompano Beach 1 |
TOP OF THE 5TH |
Miami Whales batting - Pitching for Pompano Beach Stingrays : RHP Mark Jarrett
|
Batting: RHB Jonathan Cordova
|
0-0: Ball 1-0: Swinging Strike 1-1: Foul Ball, location: 2F 1-2: Foul Ball, location: 2F 1-2: Fly out, F9 (Flyball, 9LS, EV 83.8 MPH)
|
Batting: SHB Ramon Alcantara
|
0-0: Ground out 4-3 (Groundball, 4, EV 80.6 MPH)
|
Batting: SHB Philip Rossi
|
0-0: Ground out 6-3 (Groundball, 6, EV 84.4 MPH)
|
Top of the 5th over - 0 runs, 0 hits, 0 errors, 0 left on base; Miami 2 - Pompano Beach 1 |
BOTTOM OF THE 5TH |
Pompano Beach Stingrays batting - Pitching for Miami Whales : RHP Oscar Silva
|
Batting: RHB William Waag
|
0-0: Ball 1-0: SINGLE (Groundball, 6D, EV 96.3 MPH)
|
Batting: LHB Steve Phillips
|
0-0: Sac Bunt to 13S - play at first, batter OUT! 1-3 William Waag to second
|
Batting: RHB Lance Junker
|
0-0: Swinging Strike 0-1: Ball William Waag steals 3rd base 1-1: Ball 2-1: SINGLE (Flyball, 56D, EV 101.3 MPH) William Waag scores
|
Batting: RHB Dave Penniall
|
0-0: Called Strike Lance Junker steals 2nd base 0-1: Ball 1-1: Fly out, F8 (Flyball, 8RS, EV 82.5 MPH)
|
Batting: SHB Gene Roof
|
0-0: Ball 1-0: Called Strike 1-1: Foul Ball, location: 2F 1-2: Foul Ball, location: 2F 1-2: Foul Ball, location: 2F 1-2: Foul Ball, location: 2F 1-2: Foul Ball, location: 2F 1-2: Fly out, F9 (Line Drive, 9, EV 95.0 MPH)
|
Bottom of the 5th over - 1 run, 2 hits, 0 errors, 1 left on base; Miami 2 - Pompano Beach 2 |
TOP OF THE 6TH |
Miami Whales batting - Pitching for Pompano Beach Stingrays : RHP Mark Jarrett
|
Batting: LHB Lee Pruitt
|
0-0: Ball 1-0: Called Strike 1-1: Called Strike 1-2: Strikes out swinging
|
Batting: RHB Donald Morris
|
0-0: Ball 1-0: SOLO HOME RUN (Flyball, 7LD, EV 104.4 MPH), Distance : 354 ft
|
Batting: RHB Tom Grant
|
0-0: Called Strike 0-1: Called Strike 0-2: Strikes out swinging
|
Batting: LHB Brad Garnett
|
0-0: Fly out, F1 (Line Drive, P, EV 61.3 MPH)
|
Top of the 6th over - 1 run, 1 hit, 0 errors, 0 left on base; Miami 3 - Pompano Beach 2 |
BOTTOM OF THE 6TH |
Pompano Beach Stingrays batting - Pitching for Miami Whales : RHP Oscar Silva
|
Batting: RHB Mark Strucher
|
0-0: Ball 1-0: Ball 2-0: Fly out, F9 (Flyball, 9LM, EV 96.3 MPH)
|
Batting: SHB Maury Ornest
|
0-0: Ball 1-0: Ball 2-0: Ball 3-0: Called Strike 3-1: Base on Balls
|
Batting: RHB Jimmy Thomas
|
0-0: Ball 1-0: SINGLE (Line Drive, 6MD, EV 95.0 MPH) Maury Ornest to second
|
Batting: SHB Juan Molina
|
0-0: Ball 1-0: Called Strike 1-1: Swinging Strike 1-2: Foul Ball, location: 2F 1-2: Ball 2-2: Ball 3-2: Strikes out swinging
|
Batting: RHB William Waag
|
0-0: Called Strike 0-1: Ball 1-1: Swinging Strike 1-2: Foul Ball, location: 2F 1-2: Fielders Choice at 2nd, 6-4 (Groundball, 6, EV 83.8 MPH)
|
Bottom of the 6th over - 0 runs, 1 hit, 0 errors, 2 left on base; Miami 3 - Pompano Beach 2 |
TOP OF THE 7TH |
Miami Whales batting - Pitching for Pompano Beach Stingrays : RHP Mark Jarrett
|
Batting: RHB Edwin Agudelo
|
0-0: Called Strike 0-1: Foul Ball, location: 2F 0-2: DOUBLE (Line Drive, 9LS, EV 115.6 MPH)
|
Batting: RHB Alejandro Luna
|
0-0: Intentional Walk
|
Batting: RHB Jonathan Cordova
|
0-0: Swinging Strike 0-1: Foul Ball, location: 2F 0-2: Ball 1-2: Foul Ball, location: 2F 1-2: Strikes out swinging
|
Batting: SHB Ramon Alcantara
|
0-0: Ball 1-0: Called Strike 1-1: Swinging Strike 1-2: Ball 2-2: Foul Ball, location: 2F 2-2: Foul Ball, location: 2F 2-2: Foul Ball, location: 2F 2-2: Ball 3-2: Reached on error, E4 (Groundball, 4D, EV 88.1 MPH) Edwin Agudelo to third Alejandro Luna to second
|
Batting: SHB Philip Rossi
|
0-0: Ball 1-0: Fly out, F9 (Flyball, 9, EV 88.8 MPH)
|
Batting: LHB Lee Pruitt
|
0-0: Ground out 4-3 (Groundball, 4S, EV 88.1 MPH)
|
Top of the 7th over - 0 runs, 1 hit, 1 error, 3 left on base; Miami 3 - Pompano Beach 2 |
BOTTOM OF THE 7TH |
Pompano Beach Stingrays batting - Pitching for Miami Whales : RHP Oscar Silva
|
Batting: LHB Steve Phillips
|
0-0: Ground out 1-3 (Groundball, P, EV 78.8 MPH)
|
Batting: RHB Lance Junker
|
0-0: Ball 1-0: Ball 2-0: Ground out U3 (Groundball, 34S, EV 91.9 MPH)
|
Batting: RHB Dave Penniall
|
0-0: DOUBLE (Line Drive, 7LS, EV 101.9 MPH)
|
Batting: SHB Gene Roof
|
0-0: SINGLE (Groundball, 56S, EV 68.8 MPH) (infield hit) Dave Penniall to third
|
Batting: LHB Arnold McCrary
|
0-0: Ball 1-0: Ball 2-0: Swinging Strike 2-1: Called Strike 2-2: Ball 3-2: Fly out, F8 (Line Drive, 8RD, EV 99.4 MPH)
|
Bottom of the 7th over - 0 runs, 2 hits, 0 errors, 2 left on base; Miami 3 - Pompano Beach 2 |
TOP OF THE 8TH |
Miami Whales batting - Pitching for Pompano Beach Stingrays : RHP Mark Jarrett
|
Batting: RHB Donald Morris
|
0-0: Called Strike 0-1: Ball 1-1: Ball 2-1: Foul Ball, location: 2F 2-2: Fly out, F8 (Flyball, 78M, EV 93.1 MPH)
|
Batting: RHB Tom Grant
|
0-0: Ball 1-0: Fly out, F3 (Popup, 3SF, EV 73.8 MPH)
|
Batting: LHB Brad Garnett
|
0-0: Swinging Strike 0-1: Called Strike 0-2: Foul Ball, location: 2F 0-2: Fly out, F6 (Popup, 4MD, EV 71.3 MPH)
|
Top of the 8th over - 0 runs, 0 hits, 0 errors, 0 left on base; Miami 3 - Pompano Beach 2 |
BOTTOM OF THE 8TH |
Pompano Beach Stingrays batting - Pitching for Miami Whales : RHP Oscar Silva
|
Batting: SHB Maury Ornest
|
0-0: Ball 1-0: Called Strike 1-1: Ball 2-1: Foul Ball, location: 2F 2-2: Foul Ball, location: 2F 2-2: SOLO HOME RUN (Flyball, 9LD, EV 102.5 MPH), Distance : 368 ft
|
Batting: RHB Jimmy Thomas
|
0-0: Ball 1-0: Swinging Strike 1-1: Ball 2-1: Swinging Strike 2-2: Strikes out swinging
|
Batting: SHB Juan Molina
|
0-0: Called Strike 0-1: Ground out 4-3 (Groundball, 4, EV 77.5 MPH)
|
Batting: RHB William Waag
|
0-0: Ball 1-0: Swinging Strike 1-1: Ball 2-1: Foul Ball, location: 2F 2-2: Fly out, F7 (Flyball, 78S, EV 87.5 MPH)
|
Bottom of the 8th over - 1 run, 1 hit, 0 errors, 0 left on base; Miami 3 - Pompano Beach 3 |
TOP OF THE 9TH |
Miami Whales batting - Pitching for Pompano Beach Stingrays : RHP Mark Jarrett
|
Pitching: RHP Mark Huismann
|
|
Batting: RHB Edwin Agudelo
|
0-0: Ball 1-0: Ball 2-0: DOUBLE (Line Drive, 5D, EV 97.5 MPH)
|
Batting: RHB Alejandro Luna
|
0-0: Intentional Walk
|
Batting: RHB Jonathan Cordova
|
0-0: Swinging Strike 0-1: Ball 1-1: Foul Ball, location: 2F 1-2: Ball 2-2: Strikes out swinging
|
Batting: SHB Ramon Alcantara
|
0-0: Ball 1-0: Ground out 5-3 (Groundball, 56S, EV 66.9 MPH) Edwin Agudelo to third Alejandro Luna to second
|
Pinch Hitting: RHB Steve Benson
|
0-0: Called Strike 0-1: Ball 1-1: Called Strike 1-2: Ground out 1-3 (Groundball, P, EV 83.1 MPH)
|
Top of the 9th over - 0 runs, 1 hit, 0 errors, 2 left on base; Miami 3 - Pompano Beach 3 |
BOTTOM OF THE 9TH |
Pompano Beach Stingrays batting - Pitching for Miami Whales : RHP Oscar Silva
|
Now at 3B: Steve Benson
|
|
Batting: LHB Steve Phillips
|
0-0: Foul Ball, location: 2F 0-1: Ball 1-1: Called Strike 1-2: Ball 2-2: Foul Ball, location: 2F 2-2: Ball 3-2: Ground out U3 (Groundball, 3, EV 100.0 MPH)
|
Batting: RHB Lance Junker
|
0-0: SINGLE (Line Drive, 34, EV 98.1 MPH)
|
Batting: RHB Dave Penniall
|
0-0: Called Strike 0-1: DOUBLE (Groundball, 5L, EV 98.1 MPH) Lance Junker to third
|
Pitching: RHP Jose Reyes
|
|
Batting: SHB Gene Roof
|
0-0: Ball 1-0: Ball 2-0: Ground out U3 (Groundball, 34S, EV 91.9 MPH)
|
Batting: LHB Arnold McCrary
|
0-0: Ball 1-0: Called Strike 1-1: Ball 2-1: Ball 3-1: Foul Ball, location: 2F 3-2: Base on Balls
|
Batting: SHB Maury Ornest
|
0-0: Ball 1-0: Ball 2-0: Ball 3-0: Base on Balls Lance Junker scores Dave Penniall to third Arnold McCrary to second
|
Bottom of the 9th over - 1 run, 2 hits, 0 errors, 0 left on base; Miami 3 - Pompano Beach 4 |
|